 Dungeon Crawl Stone Soup version 0.22.1-2-g9c5b331 (webtiles) character file.

4048 Gearfox the Nimble (level 10, -4/86 HPs)
             Began as a Black Draconian Berserker on Nov 28, 2018.
             Was a Priest of Trog.
             Slain by a wyvern zombie (16 damage)
             ... on level 8 of the Dungeon.
             The game lasted 00:33:01 (7927 turns).

Gearfox the Nimble (Black Draconian Berserker)      Turns: 7927, Time: 00:33:02

Health: -4/86      AC:  8    Str: 23    XL:     10   Next: 4%
Magic:  10/10      EV: 16    Int:  7    God:    Trog [***...]
Gold:   318        SH:  5    Dex: 11    Spells: 9/9 levels left

rFire    . . .     SeeInvis .   m - +1 dire flail (venom)
rCold    . . .     Gourm    .   (shield currently unavailable)
rNeg     . . .     Faith    .   (armour unavailable)
rPois    .         Spirit   .   (helmet restricted)
rElec    +         Reflect  +   (no cloak)
rCorr    .         Harm     .   (no gloves)
MR       ++...                  d - +0 pair of boots
Stlth    +.........             i - +5 amulet of reflection
HPRegen  1.24/turn              j - +1 ring of slaying
MPRegen  0.12/turn              (no ring)

@: berserk cooldown, starving, regenerating, slowed, very slow
A: breathe lightning, unfitting armour, electricity resistance, cold-blooded, AC
+7
a: Breathe Lightning, Berserk, Trog's Hand, Renounce Religion


You were on level 8 of the Dungeon.
You worshipped Trog.
Trog was most pleased with you.
You were starving.

You visited 1 branch of the dungeon, and saw 8 of its levels.

You collected 318 gold pieces.

Inventory:

Hand Weapons
 a - a +2 falchion
 g - a +0 club
 m - a +1 dire flail of venom (weapon)
Armour
 d - a +0 pair of boots (worn)
 o - a +0 pair of boots
Jewellery
 i - a +5 amulet of reflection (around neck)
 j - a +1 ring of slaying (left hand)
Wands
 n - a wand of iceblast (4)
Scrolls
 e - a scroll of remove curse
 k - 5 scrolls of teleportation
 p - 2 scrolls of identify
 s - a scroll of blinking
 t - a scroll of enchant armour {unknown}
Potions
 c - a potion of brilliance
 h - 3 potions of curing
 l - a potion of invisibility
 q - a potion of haste
Comestibles
 b - 9 rations


   Skills:
 - Level 7.3 Fighting
 - Level 6.9 Long Blades
 - Level 8.0 Maces & Flails
 - Level 0.3 Throwing
 * Level 8.1 Dodging
 - Level 1.0 Stealth
 - Level 0.4 Unarmed Combat
 - Level 0.3 Spellcasting


You had 9 spell levels left.
You didn't know any spells.
Your spell library was empty.

Dungeon Overview and Level Annotations

Branches:
Dungeon (8/15)             Temple (0/1) D:5
   Lair: D:8-11

Altars:
Ashenzari
Dithmenos
Elyvilon
Nemelex Xobeh
Okawaru
Qazlal
Vehumet
Wu Jian
Xom

Portals:
Bailey: D:8

Annotations:
D:7 3 runed doors, john2's ghost, novice MiAK


Innate Abilities, Weirdness & Mutations

You can breathe wild blasts of lightning.
Your glossy black scales are hard. (AC +7)
You cannot fit into any form of body armour.
You are resistant to electric shocks. (rElec)
You are cold-blooded and may be slowed by cold attacks.


Message History

The orc wizard blinks!
Found four items.
Found a flagged portal.
The wyvern zombie barely misses you. 2 mummies come into view.
The wyvern zombie bites you!
* * * LOW HITPOINT WARNING * * *
The wyvern zombie misses you.
The hound zombie appears out of thin air!
A hound zombie comes into view.
The adder zombie barely misses you. You block the wyvern zombie's attack.
A quokka comes into view.
The wyvern zombie closely misses you. The adder zombie closely misses you.
The orc priest mumbles some strange prayers to Beogh against you.
Beogh smites you!
* * * LOW HITPOINT WARNING * * *
Okay, then.
The orc wizard is no longer moving quickly.
The wyvern zombie misses you. The adder zombie barely misses you.
The wyvern zombie closely misses you. The wyvern zombie bites you!
You die...

#######.. #... #.!?....#
#... #...)...# #... #
#..)∩)..# ##...
#.#...)...# ##...?
#.........#########..)..
.....r.Z..oo.$.....)))..
.....M.ZZoo######o<.†...
####...@##..o>##o......†
###.....##.##....[...
#.###..M..o†.......
........†.M........
.........###.!......
#.........# #........
#....................
#....................
........#...#......


You could see 2 mummies, an orc priest, an orc wizard, 2 orcs, an adder zombie,
a hound zombie, a wyvern zombie and a quokka.

Vanquished Creatures
  Harold (D:7)
  A hippogriff (D:8)
  Sigmund (D:4)
  A hungry ghost (D:7)
  Duvessa (D:7)
  An ice beast (D:8)
  2 orc warriors
  3 sky beasts
  3 ogres
  5 necrophages (D:8)
  A centaur (D:6)
  A wyvern zombie (D:6)
  A bullfrog (D:8)
  A water moccasin zombie (D:8)
  A gnoll sergeant (D:5)
  2 scorpions
  Dowan (D:7)
  2 howler monkeys (D:7)
  2 crimson imps (D:6)
  2 centaur zombies
  2 hounds
  A quasit (D:7)
  A jelly (D:5)
  4 orc priests
  A bullfrog skeleton (D:7)
  A centaur skeleton (D:5)
  2 iguanas
  4 orc wizards
  2 worker ants
  2 hound skeletons
  3 worker ant zombies
  9 gnolls
  10 adders
  3 shadow imps
  An ooze (D:2)
  An adder zombie (D:8)
  4 worms
  2 dart slugs
  8 leopard geckos
  18 orcs
  4 bats
  7 giant cockroaches
  11 goblins
  5 hobgoblins
  3 jackals (D:4)
  3 quokkas
  A ball python (D:1)
  2 ball python skeletons
  4 frilled lizards
  4 kobolds
  A rat (D:3)
157 creatures vanquished.

Vanquished Creatures (others)
  A goblin (D:2)
  A fungus (D:7)
  3 plants (D:7)
5 creatures vanquished.

Grand Total: 162 creatures vanquished

Notes
Turn   | Place    | Note
-------+----------+-------------------------------------------
     0 | D:1      | Gearfox the Draconian Berserker began the quest for the
                  | Orb.
     0 | D:1      | Reached XP level 1. HP: 19/19 MP: 1/1
   178 | D:1      | Reached XP level 2. HP: 18/27 MP: 2/2
   794 | D:1      | Reached XP level 3. HP: 34/34 MP: 3/3
  1316 | D:2      | Found a faded altar of an unknown god.
  1316 | D:2      | Found an ornate altar of the Wu Jian Council.
  1321 | D:2      | Reached skill level 5 in Fighting
  1330 | D:2      | Found a stormy altar of Qazlal.
  1334 | D:2      | Found an iron altar of Okawaru.
  1336 | D:2      | Found a shimmering altar of Xom.
  1890 | D:3      | Reached ** piety under Trog
  1890 | D:3      | Reached XP level 4. HP: 42/42 MP: 4/4
  2150 | D:3      | Reached XP level 5. HP: 24/50 MP: 5/5
  2599 | D:3      | Reached skill level 1 in Stealth
  3103 | D:3      | Noticed a sky beast
  3124 | D:3      | Killed a sky beast
  3124 | D:3      | Reached XP level 6. HP: 48/60 MP: 6/6
  3489 | D:4      | Noticed Sigmund
  3521 | D:4      | Killed Sigmund
  3615 | D:4      | Your scales start taking on a glossy black colour.
  3615 | D:4      | Reached XP level 7. HP: 66/66 MP: 7/7
  3615 | D:4      | Gained mutation: You are resistant to electric shocks.
                  | (rElec) [Black Draconian growth]
  4128 | D:5      | Entered Level 5 of the Dungeon
  4320 | D:5      | Found a staircase to the Ecumenical Temple.
  4439 | D:5      | Reached skill level 5 in Long Blades
  4797 | D:5      | Reached skill level 5 in Dodging
  4797 | D:5      | Reached XP level 8. HP: 65/73 MP: 8/8
  5140 | D:5      | Reached *** piety under Trog
  5412 | D:6      | Found a white marble altar of Elyvilon.
  5551 | D:6      | Found a sparkling altar of Nemelex Xobeh.
  6479 | D:6      | Found a shadowy altar of Dithmenos.
  6676 | D:7      | Noticed Dowan
  6677 | D:7      | Noticed Duvessa
  6680 | D:7      | Killed Dowan
  6685 | D:7      | Killed Duvessa
  6704 | D:7      | Reached XP level 9. HP: 54/79 MP: 9/9
  6876 | D:7      | Noticed Harold
  6900 | D:7      | Killed Harold
  7164 | D:7      | Found a shattered altar of Ashenzari.
  7472 | D:7      | Found a runed gate.
  7473 | D:7      | Found a runed gate.
  7474 | D:7      | Found a runed gate.
  7479 | D:7      | Noticed john2's ghost (novice MiAK)
  7587 | D:7      | Found a radiant altar of Vehumet.
  7900 | D:8      | Reached XP level 10. HP: 55/85 MP: 10/10
  7907 | D:8      | Reached **** piety under Trog
  7921 | D:8      | Found a flagged portal.
  7927 | D:8      | Slain by a wyvern zombie

Skill      XL: |  1  2  3  4  5  6  7  8  9 |
---------------+----------------------------+-----
Fighting       | 4 5 6 7 |  7.3
Stealth        | 1 |  1.0
Dodging        | 3 5 6 8 |  8.1
Long Blades    | 4 5 6 |  6.9
Maces & Flails | 4 8 |  8.0
Throwing       | |  0.3
Unarmed Combat | |  0.4
Spellcasting   | |  0.3

Action                   |  1- 3 |  4- 6 |  7- 9 | 10-12 || total
-------------------------+-------+-------+-------+-------++-------
Melee: Falchion          |    85 |   101 |   153 |       ||   339
       Tailslap          |    18 |    11 |    46 |       ||    75
       Punch             |       |       |     1 |       ||     1
       Dire flail        |       |       |   122 |     5 ||   127
Invok: Berserk           |       |     5 |     7 |       ||    12
       Trog's Hand       |       |     2 |     3 |     1 ||     6
 Abil: Breathe Lightning |       |       |    12 |       ||    12
  Use: Scroll            |     2 |     3 |    11 |       ||    16
       Potion            |       |       |     6 |     1 ||     7
 Stab: Sleeping          |       |       |     3 |       ||     3
  Eat: Chunk             |     3 |     6 |    13 |       ||    22
       Ration            |       |     1 |     3 |       ||     4
Armor: Skin              |    35 |    36 |    70 |     5 ||   146
Dodge: Dodged            |    48 |    64 |   194 |    19 ||   325
Block: Other             |    18 |    20 |    67 |     6 ||   111
       Reflection        |     2 |     1 |       |       ||     3
       Rpst.: Falchion   |    20 |    18 |    32 |       ||    70
